 Dungeon Crawl Stone Soup version 0.32-a0-876-gcfddb08e57 (webtiles) character file.

Game seed: 7379644808919721457

4237 Biggs the Skirmisher (level 10, 0/100 HPs)
             Began as a Coglin Hunter on Apr 2, 2024.
             Was a High Priest of Okawaru.
             Slain by a killer bee (7 damage)
             ... on level 8 of the Dungeon.
             The game lasted 00:09:28 (5892 turns).

Biggs the Skirmisher (Coglin Hunter)                Turns: 5892, Time: 00:09:29

Health: 0/100      AC: 25    Str: 12    XL:     10   Next: 30%
Magic:  10/10      EV:  2    Int:  9    God:    Okawaru [*****.]
Gold:   419        SH:  0    Dex: 21    Spells: 9/9 levels left

rFire   + . .        D - +2 hand cannon (flame) {Balvinder}
rCold   + . .        w - -3 hand cannon {Waldo}
rNeg    . . .        c - melded +0 leather armour
rPois   +            (helmet currently unavailable)
rElec   +            j - melded +1 cloak
rCorr   +            (gloves currently unavailable)
SInv    .            x - melded +1 pair of boots
Will    .....        (no amulet)
Stlth   ++           (no ring)
HPRegen 0.36/turn    (no ring)
MPRegen 0.12/turn    (no gizmo)

%: no passive effects
@: mighty, tree-form, resistant, revving
A: stationary, stasis, torment immunity, boosted hp, off-hand wielding, slow
wielding, warmup strikes, (no jewellery)
a: Invent Gizmo, Renounce Religion, Heroism, Finesse, Duel


You were on level 8 of the Dungeon.
You worshipped Okawaru.
Okawaru was extremely pleased with you.
You were a tree.
You visited 1 branch of the dungeon, and saw 8 of its levels.

You collected 420 gold pieces.
You spent 1 gold pieces at shops.

Inventory:

Hand Weapons
 a - a +2 sling {Jia}
 d - a +0 sling {Enheduana}
 w - a -3 hand cannon (offhand) {Waldo}
 D - a +2 hand cannon of flaming (weapon) {Balvinder}
Missiles
 t - a throwing net
Armour
 c - a +0 leather armour (melded)
 j - a +1 cloak (melded)
 x - a +1 pair of boots (melded)
Wands
 k - a wand of mindburst (7)
 z - a wand of flame (25)
 A - a wand of polymorph (7)
Scrolls
 b - a scroll of butterflies
 e - 2 scrolls of teleportation
 f - a scroll of poison {unknown}
 h - 2 scrolls of blinking {unknown}
 l - 2 scrolls of noise {unknown}
 m - 10 scrolls of identify {unknown}
 o - 2 scrolls of amnesia {unknown}
 q - 3 scrolls of immolation {unknown}
 r - a scroll of fear {unknown}
 s - 2 scrolls of silence {unknown}
 u - 2 scrolls of enchant armour {unknown}
 y - a scroll of vulnerability {unknown}
 B - a scroll of fog {unknown}
 C - a scroll of enchant weapon {unknown}
Potions
 g - a potion of might
 i - a potion of lignification
 v - a potion of heal wounds {unknown}
 E - a potion of attraction {unknown}
 F - a potion of enlightenment {unknown}


   Skills:
 - Level 2.0 Fighting
 + Level 12.8 Ranged Weapons
 - Level 5.6 Dodging
 - Level 0.7 Stealth


You had 9 spell levels left.
You didn't know any spells.
Your spell library contained the following spells:

 Spells                   Type           Power      Damage    Failure   Level
 Necrotise                Necr           0%         1d4       38%         1
 Cigotuvi's Dreadful Rot  Necr/Alch/Air  0%         N/A       52%         2
 Sublimation of Blood     Necr           0%         N/A       52%         2
 Vampiric Draining        Necr           0%         2d6       77%         3
 Dispel Undead            Necr           0%         3d6       99%         4
 Curse of Agony           Necr           0%         N/A       100%        5
 Summon Small Mammal      Summ           Unusable   N/A       N/A         1
 Call Imp                 Summ           Unusable   N/A       N/A         2
 Call Canine Familiar     Summ           Unusable   N/A       N/A         3
 Martyr's Knell           Necr/Summ      Unusable   N/A       N/A         4
 Summon Blazeheart Golem  Fire/Summ      Unusable   N/A       N/A         4
 Summon Hydra             Summ           Unusable   N/A       N/A         7

Dungeon Overview and Level Annotations

Branches:
Dungeon (8/15)             Temple (0/1) D:5            Lair (0/5) D:8

Altars:
Cheibriados
Hepliaklqana
Makhleb
Nemelex Xobeh
Okawaru
Qazlal
Ru
Sif Muna
Trog
Wu Jian
Xom
Yredelemnul

Shops:
D:5 *   D:6 *   D:8 =

Annotations:
D:3 3 runed translucent doors, pigah's ghost, amateur CoGl


Innate Abilities, Weirdness & Mutations

You are a tree.
Your roots penetrate the ground, keeping you stationary.
You cannot be teleported.
You are immune to unholy pain and torment.
Your maximum health is greatly increased.
Your equipment is partially melded.
You can wield a second weapon in your off-hand.
It takes a long time for you to wield or remove held weapons.
Your first few attacks do less damage.
((You cannot equip rings or amulets.))


Message History

Fire: D) +2 hand cannon (flame) {Balvinder}
Press: ? - help, Q - select action, (/) - cycle Shift-Dir - straight line, f/p - centaur warrior
Aim: a centaur warrior (severely wounded, 76% to hit)
You shoot a slug. The slug hits the centaur warrior!!
You kill the centaur warrior!
Okawaru is honoured by your kill. Okawaru grants you throwing weapons!
Something appears at your feet!
You shoot a slug. The slug hits the killer bee!
The slug burns the killer bee.
You kill the killer bee!
Okawaru accepts your kill.
You feel sick.
A killer bee comes into view.
The killer bee stings you but does no damage. x6
The killer bee barely misses you.
The killer bee stings you but does no damage.
The killer bee moves out of view.
Unknown command.
Unknown command.
It was a potion of curing.
You feel better.
The killer bee stings you but does no damage. x2
The killer bee stings you.
* * * LOW HITPOINT WARNING * * *
The killer bee stings you but does no damage. x2
The killer bee stings you!
* * * LOW HITPOINT WARNING * * *
Unknown command.
Okay, then.
You feel better. The killer bee stings you.
* * * LOW HITPOINT WARNING * * *
The killer bee barely misses you. The killer bee stings you.
* * * LOW HITPOINT WARNING * * *
The killer bee stings you but does no damage. x2
The killer bee stings you.
* * * LOW HITPOINT WARNING * * *
It was a potion of resistance.
You feel protected.
The killer bee stings you but does no damage.
The killer bee stings you!
You die...

#..._....##.......#.###
###....<.###.........#
#....#.#...........##
######...............
#..##............
#..##............
#z..###.........#
##yz..####...#.###
#♣#.....##.##...#.
#yyy.......##..##
###z###.......##
.Y5y###......#
.z.o...##.....###
..$.=.y..#........
..#####...##....#..
............#..).#.#
.5...?Y?.c...#...##..


You could see a yak, 6 killer bees, 3 wights, a white imp and an orc.

Vanquished Creatures
  A centaur warrior (D:8)
  4 yaks (D:8)
  A wyvern (D:8)
  A steam dragon (D:7)
  Menkaure (D:4)
  2 water moccasins (D:7)
  3 orc warriors
  2 black bears (D:7)
  A sky beast (D:6)
  A centaur (D:7)
  3 ogres
  A phantom (D:7)
  3 kobold brigands
  A gnoll sergeant (D:8)
  A scorpion (D:6)
  8 wights (D:8)
  A killer bee (D:8)
  2 jellies
  4 orc priests
  A hound (D:6)
  3 sleepcaps
  3 iguanas
  3 orc wizards
  10 gnolls
  5 adders
  A white imp (D:7)
  4 ufetubi
  2 dart slugs
  2 ribbon worms
  19 orcs
  8 ball pythons
  5 bats
  5 endoplasms
  4 giant cockroaches
  5 goblins
  6 hobgoblins
  21 kobolds
  3 quokkas
  4 frilled lizards
  4 rats
  A spectral goblin (D:7)
160 creatures vanquished.

Notes
Turn   | Place    | Note
-------+----------+-------------------------------------------
     0 | D:1      | Biggs the Coglin Hunter began the quest for the Orb.
     0 | D:1      | Reached XP level 1. HP: 16/16 MP: 1/1
   214 | D:1      | Reached skill level 4 in Ranged Weapons
   214 | D:1      | Reached XP level 2. HP: 22/22 MP: 2/2
   296 | D:1      | Found a faded altar of an unknown god.
   846 | D:1      | Found a basalt altar of Yredelemnul.
   890 | D:2      | Reached XP level 3. HP: 27/27 MP: 3/3
  1231 | D:2      | Reached skill level 5 in Ranged Weapons
  1231 | D:2      | Reached XP level 4. HP: 27/33 MP: 4/4
  1511 | D:3      | Noticed pigah's ghost (amateur CoGl)
  1559 | D:3      | Found an iron altar of Okawaru.
  1570 | D:3      | Became a worshipper of Warmaster Okawaru
  1604 | D:3      | Found a bloodstained altar of Trog.
  1650 | D:3      | Found a runed translucent gate.
  1650 | D:3      | Found a runed translucent gate.
  1650 | D:3      | Found a runed translucent gate.
  1922 | D:4      | Noticed an ogre
  1927 | D:4      | Killed an ogre
  1928 | D:4      | Reached skill level 6 in Ranged Weapons
  1928 | D:4      | Reached XP level 5. HP: 38/38 MP: 5/5
  2014 | D:4      | Reached XP level 6. HP: 44/44 MP: 6/6
  2289 | D:4      | Reached * piety under Okawaru
  2316 | D:4      | Reached skill level 7 in Ranged Weapons
  2555 | D:4      | Noticed Menkaure
  2566 | D:4      | Killed Menkaure
  2567 | D:4      | Reached XP level 7. HP: 32/50 MP: 7/7
  2844 | D:4      | Found a shimmering blue altar of Sif Muna.
  2944 | D:5      | Entered Level 5 of the Dungeon
  2978 | D:5      | Reached skill level 8 in Ranged Weapons
  3049 | D:5      | Found Batig's Lightly-Used Armoury.
  3055 | D:5      | Bought a -3 hand cannon for 1 gold piece
  3143 | D:5      | Found a sparkling altar of Nemelex Xobeh.
  3210 | D:5      | Found a stormy altar of Qazlal.
  3277 | D:5      | Found a staircase to the Ecumenical Temple.
  3703 | D:6      | Found Jiebauc's Overcharged Wands.
  3789 | D:6      | Reached ** piety under Okawaru
  3995 | D:6      | Reached XP level 8. HP: 53/56 MP: 8/8
  4112 | D:6      | Found a shimmering altar of Xom.
  4130 | D:6      | Reached skill level 5 in Dodging
  4779 | D:7      | Reached skill level 9 in Ranged Weapons
  4947 | D:7      | Reached *** piety under Okawaru
  4948 | D:7      | Reached XP level 9. HP: 61/61 MP: 9/9
  5083 | D:7      | Reached skill level 10 in Ranged Weapons
  5262 | D:7      | Found a hazy altar of Hepliaklqana.
  5326 | D:8      | Found a burning altar of Makhleb.
  5326 | D:8      | Found a sacrificial altar of Ru.
  5362 | D:8      | Found a staircase to the Lair.
  5403 | D:8      | Found Ninobax's Jewellery Shoppe.
  5430 | D:8      | Reached **** piety under Okawaru
  5433 | D:8      | Reached skill level 11 in Ranged Weapons
  5523 | D:8      | Found an ornate altar of the Wu Jian Council.
  5693 | D:8      | Found a snail-covered altar of Cheibriados.
  5713 | D:8      | Reached XP level 10. HP: 58/67 MP: 10/10
  5716 | D:8      | Reached skill level 12 in Ranged Weapons
  5722 | D:8      | Reached ***** piety under Okawaru
  5878 | D:8      | Noticed a centaur warrior
  5889 | D:8      | Killed a centaur warrior
  5889 | D:8      | Received a gift from Okawaru
  5892 | D:8      | Slain by a killer bee

Illustrated notes

Levels and vault maps discovered:
D:1:      dpeg_arrival_water_altar, layout_basic,
          shapermc_ecumenical_altar_ellora
D:2:      layout_basic
D:3:      layout_rooms, okawaru_gym_becter, trog_three_pillars_becter,
          serial_glass, glass_columns_b, glass_columns_a, gammafunk_ghost_split
D:4:      layout_loops_ring, kennysheep_mini_moat,
          hangedman_decor_diamond_cutter, kennysheep_another_room,
          chequers_serial_rivers_room_a, grunt_ministairs_4,
          hangedman_abyss_or_decor_jellyfish_corner, st_stairs_4, uniq_menkaure
D:5:      layout_cave_pools, nicolae_qazlal_eye_of_the_storm,
          mainiacjoe_overflow_brackets, minmay_temple_entry_poolview,
          minmay_shop_damaged, kennysheep_generic_room_3
D:6:      layout_basic, xom_teletrap_fun, nicolae_shop_overcharged_wands
D:7:      layout_basic, nicolae_hepliaklqana_monster_ancestors,
          kennysheep_generic_room_7
D:8:      layout_cave_pools, mainiacjoe_overflow_catwalk_spiral,
          nicolae_wu_jian_immortal_techniques, bloody_makhleb,
          dpeg_oklobed_lair, serial_shops, nicolae_shop_tiny_real_fake_doors,
          columned_hall_lemuel, grunt_potential

Skill      XL: |  1  2  3  4  5  6  7  8  9 10 |
---------------+-------------------------------+-----
Ranged Weapons | 4 5 6 7 8 9 11 12 | 12.8
Dodging        | 3 5 |  5.6
Fighting       | |  2.0
Stealth        | |  0.7

Action                     |  1- 3 |  4- 6 |  7- 9 | 10-12 || total
---------------------------+-------+-------+-------+-------++-------
   Fire: Sling             |   152 |   208 |   115 |       ||   475
         Hand cannon       |       |       |   247 |    32 ||   279
    Use: Potion            |       |       |       |     5 ||     5
         Scroll            |       |       |       |     1 ||     1
 Armour: Leather armour    |     8 |    13 |    34 |    18 ||    73
         Skin              |       |       |       |    56 ||    56
  Dodge: Dodged            |     9 |    22 |    37 |    20 ||    88

Table legend: (Time is in decaauts)
 A = Elapsed time spent in this place.
 B = Non-inter-level travel time spent in this place.
 C = Inter-level travel time spent in this place.
 D = Time resting spent in this place.
 E = Time spent auto-exploring this place.
 F = Levels seen in this place.
 G = Mean time per level.
                   A        B        C        D        E       F      G
               +--------+--------+--------+--------+--------+-----+--------+
         Total |   5995 |   5798 |    197 |     41 |   4886 |   8 |  749.4 |
       Dungeon |   5995 |   5798 |    197 |     41 |   4886 |   8 |  749.4 |
               +--------+--------+--------+--------+--------+-----+--------+

Top non-repeatable levels by time:
     D:4: 1044 daAuts
     D:6: 951 daAuts
     D:1: 870 daAuts
     D:7: 755 daAuts
     D:5: 710 daAuts
     D:2: 616 daAuts
     D:8: 593 daAuts
     D:3: 452 daAuts
